Avalanche vs Stars
Created - March 24, 2019 at 20:14
Goals
|
| Avalanche |
2 |
2 |
2 |
6 |
| Stars |
0 |
0 |
4 |
4 |
|
Shots
|
| Avalanche |
12 |
14 |
15 |
41 |
| Stars |
4 |
5 |
23 |
32 |
|
1st period
1. Avalanche , Alexander Radulov 18 (Paul Stastny 38) at 11:46
2. Avalanche , Damien Brunner 9 (Maxim Talbot 12, Jack Johnson 30) at 12:52
Penalties :
Andrei Kostitsyn (Col) for Roughing (Minor) at 5:49, Michael Grabner (Dal) for Tripping (Minor) at 12:59
2nd period
3. Avalanche , Marc Staal 5 (Pernell Karl Subban 18, Bryan Little 48) at 2:39
4. Avalanche , Marc Staal 6 (Maxim Talbot 13, Semyon Varlamov) at 9:13
Penalties :
Boris Valabik (Dal) for Cross-checking (Minor) at 4:08, Jussi Jokinen (Dal) for Holding (Minor) at 16:52
3rd period
5. Stars , B.J. Crombeen 20 (Patrick Sharp 20, Ian White 23) at 0:30
6. Stars , Guillaume Latendresse 23 (John Tavares 40) at 6:34 (PP)
7. Avalanche , Andrei Kostitsyn 26 (Paul Stastny 39) at 9:03
8. Stars , Evgeny Grachev 8 (Dustin Penner 13, Boris Valabik 11) at 14:33
9. Stars , Cory Emmerton 16 (Ian White 24, B.J. Crombeen 11) at 16:10
10. Avalanche , Kyle Turris 4 (Jack Johnson 31, Ville Leino 1) at 16:54
Penalties :
Paul Stastny (Col) for Holding (Minor) at 6:21, Brian Lee (Dal) for Hooking (Minor) at 9:27
Goalie Stats
Semyon Varlamov (Col), 28 saves from 32 shots - (0.875), W, 23-21-4, 60:00 minutes
Brian Elliott (Dal), 14 saves from 18 shots - (0.778), 29:13 minutes
Jhonas Enroth (Dal), 21 saves from 23 shots - (0.913), L, 14-12-5, 30:47 minutes
Players Stats for Avalanche
Player Name G A P +/- PIM S H SB GA TA FO MP PP MP PK MP
------------------------------------------------------------------------------------
Alexander Radulov 1 0 1 1 0 1 2 0 0 1 0/0 16:17 2:31 0:00
Andrei Kostitsyn 1 0 1 1 2 2 1 0 0 0 0/0 16:26 2:31 0:00
Andrew Ladd 0 0 0 0 0 1 1 0 1 0 2/4 13:12 0:42 1:09
Bryan Little 0 1 1 0 0 0 3 0 2 0 15/21 19:49 4:23 0:00
Chuck Kobasew 0 0 0 2 0 2 1 0 0 1 1/1 10:54 0:42 1:09
Damien Brunner 1 0 1 0 0 6 2 0 0 0 2/2 12:26 0:20 0:29
Erik Karlsson 0 0 0 1 0 0 0 0 1 2 0/0 24:23 4:18 0:00
Jack Johnson 0 2 2 1 0 6 0 2 2 0 0/0 24:57 4:18 0:34
Johnny Boychuk 0 0 0 0 0 1 2 0 0 0 0/0 13:13 0:51 0:34
Kyle Turris 1 0 1 2 0 2 0 1 0 0 3/7 9:51 0:42 0:00
Marc Staal 2 0 2 2 0 2 2 0 1 0 0/0 22:24 2:47 1:38
Mattias Ekholm 0 0 0 0 0 0 1 0 0 0 0/0 12:39 0:51 0:00
Maxim Talbot 0 2 2 0 0 5 3 0 2 0 5/8 11:55 0:00 0:34
Mikkel Boedker 0 0 0 0 0 9 0 0 1 0 0/0 19:49 4:23 0:00
Patric Hornqvist 0 0 0 0 0 1 0 1 0 0 2/2 19:49 4:23 0:00
Paul Stastny 0 2 2 1 2 1 1 0 0 0 8/15 16:50 2:31 0:34
Pernell Karl Subban 0 1 1 2 0 1 1 1 0 1 0/0 22:24 2:47 1:38
Ville Leino 0 1 1 2 0 1 1 0 0 0 0/0 10:28 0:40 0:29
Players Stats for Stars
Player Name G A P +/- PIM S H SB GA TA FO MP PP MP PK MP
------------------------------------------------------------------------------------
Alex Chiasson 0 0 0 -1 0 2 0 0 1 1 0/0 14:57 0:00 0:00
Antoine Vermette 0 0 0 0 0 1 3 1 1 0 6/7 16:31 1:11 0:09
B.J. Crombeen 1 1 2 1 0 1 1 1 0 0 0/0 12:34 1:11 0:00
Boris Valabik 0 1 1 1 2 0 0 0 0 1 0/0 12:32 0:00 0:00
Brian Lee 0 0 0 -2 2 3 0 1 0 2 0/0 19:59 1:03 2:27
Cory Emmerton 1 0 1 0 0 2 1 1 0 0 1/8 12:45 0:00 1:49
Drew Fata 0 0 0 -2 0 1 0 2 0 1 0/0 26:31 1:09 4:43
Dustin Penner 0 1 1 0 0 2 3 0 0 0 0/0 11:10 0:00 1:42
Evgeny Artyukhin 0 0 0 0 0 3 0 0 0 0 0/1 8:26 0:00 0:00
Evgeny Grachev 1 0 1 0 0 3 1 0 0 0 4/5 8:54 0:00 0:28
Guillaume Latendresse 1 0 1 -3 0 6 2 0 0 1 1/2 20:17 1:01 4:19
Ian White 0 2 2 -2 0 0 0 2 1 1 0/0 26:31 1:09 4:43
John Tavares 0 1 1 -3 0 3 2 0 1 1 7/31 20:28 1:01 4:30
Johnny Oduya 0 0 0 -2 0 0 0 1 0 0 0/0 20:45 1:03 3:13
Jussi Jokinen 0 0 0 0 2 1 2 1 1 0 2/3 18:02 1:11 1:47
Michael Grabner 0 0 0 -3 2 1 2 1 0 1 1/1 17:13 1:01 1:08
Niklas Hjalmarsson 0 0 0 1 0 2 0 0 0 1 0/0 13:19 0:00 0:46
Patrick Sharp 0 1 1 0 0 1 0 0 0 0 0/2 11:06 0:00 0:00
3 Stars
1 - Marc Staal (Col)
2 - Kyle Turris (Col)
3 - B.J. Crombeen (Dal)
Power Play
Avalanche - 0 on 4 Attempt(s) - 0.00%
Stars - 1 on 2 Attempt(s) - 50.00%
Penalty Kill
Avalanche - 1 on 2 Attempt(s) - 50.00%
- Score 0 goal in Penalty Kill
Stars - 4 on 4 Attempt(s) - 100.00%
- Score 0 goal in Penalty Kill
Team Stat
Avalanche - Hits : 21 - Faceoff Wins : 38 - Blocked Shots : 5 - Penalty Minutes : 4
Stars - Hits : 17 - Faceoff Wins : 22 - Blocked Shots : 11 - Penalty Minutes : 8
Official
Referees : Unknown
Linesman : Unknown
Game Notes
12:52 of 1st period - Avalanche goal is going for a video replay. After video review, Goal.
Jhonas Enroth enters game at 9:13 of 2nd period
Finance
Level 1 -- Attendance: 5643 (94.05%) -- Ticket Income $338,580
Level 2 -- Attendance: 5000 (100.00%) -- Ticket Income $220,000
Level 3 -- Attendance: 1714 (85.70%) -- Ticket Income $65,132
Level 4 -- Attendance: 2944 (73.60%) -- Ticket Income $88,320
Luxury Box -- Attendance: 998 (99.80%) -- Ticket Income $109,780
Game was played at the American Airlines Center.
Total Attendance: 16299 (90.55%)
Total Ticket Income: $821,812
Other Income: $123,272
Total Income: $945,084
Avalanche
5 vs 5 Forward
Center Left Wing Right Wing Time % Phy DF OF
1 Bryan Little Mikkel Boedker Patric Hornqvist 35 1 2 2
2 Paul Stastny Andrei Kostitsyn Alexander Radulov 30 1 2 2
3 Maxim Talbot Andrew Ladd Damien Brunner 20 1 2 2
4 Kyle Turris Ville Leino Chuck Kobasew 15 1 2 2
5 vs 5 Defense
Defense Defense Time % Phy DF OF
1 Erik Karlsson Jack Johnson 40 1 2 2
2 Marc Staal Pernell Karl Subban 35 1 2 2
3 Johnny Boychuk Mattias Ekholm 25 1 2 2
4 Marc Staal Pernell Karl Subban 0 1 2 2
PowerPlay Forward
Center Left Wing Right Wing Time % Phy DF OF
1 Bryan Little Mikkel Boedker Patric Hornqvist 60 1 2 2
2 Paul Stastny Andrei Kostitsyn Alexander Radulov 40 1 2 2
PowerPlay Defense
Defense Defense Time % Phy DF OF
1 Erik Karlsson Jack Johnson 60 1 2 2
2 Pernell Karl Subban Marc Staal 40 1 2 2
Penalty Kill 4 Players Forward
Center Wing Time % Phy DF OF
1 Andrew Ladd Chuck Kobasew 60 1 2 2
2 Paul Stastny Maxim Talbot 40 1 2 2
Penalty Kill 4 Players Defense
Defense Defense Time % Phy DF OF
1 Pernell Karl Subban Marc Staal 60 1 2 2
2 Jack Johnson Johnny Boychuk 40 1 2 2
Penalty Kill - 3 Players Forward
Forward Time % Phy DF OF
1 Chuck Kobasew 60 1 2 2
2 Andrew Ladd 40 1 2 2
Penalty Kill - 3 Players Defense
Defense Defense Time % Phy DF OF
1 Marc Staal Pernell Karl Subban 60 1 2 2
2 Jack Johnson Johnny Boychuk 40 1 2 2
4 vs 4 Forward
Center Wing Time % Phy DF OF
1 Patric Hornqvist Mikkel Boedker 60 1 2 2
2 Bryan Little Andrei Kostitsyn 40 1 2 2
4 vs 4 Defense
Defense Defense Time % Phy DF OF
1 Marc Staal Pernell Karl Subban 60 1 2 2
2 Jack Johnson Erik Karlsson 40 1 2 2
Last Minutes Offensive
Center Left Wing Right Wing Defense Defense
Bryan Little Mikkel Boedker Patric Hornqvist Erik Karlsson Jack Johnson
Last Minutes Defensive
Center Left Wing Right Wing Defense Defense
Bryan Little Andrew Ladd Chuck Kobasew Marc Staal Jack Johnson
Goaltenders
Starting : Semyon Varlamov
Backup : Roberto Luongo
Extra Forwards
Normal : Andrew Ladd, Alexander Radulov, Maxim Talbot - PP : Andrew Ladd, Alexander Radulov - PK : Damien Brunner
Extra Defensemen
Normal : Marc Staal, Erik Karlsson, Pernell Karl Subban - PP : Pernell Karl Subban - PK : Jack Johnson, Pernell Karl Subban
Penalty Shots
Mikkel Boedker, Patric Hornqvist, Paul Stastny, Bryan Little, Andrei Kostitsyn
Scratches
Dan Boyle (Healthy)
Stars
5 vs 5 Forward
Center Left Wing Right Wing Time % Phy DF OF
1 John Tavares Guillaume Latendresse Michael Grabner 40 1 2 2
2 Antoine Vermette Jussi Jokinen Alex Chiasson 30 1 2 2
3 Cory Emmerton Patrick Sharp B.J. Crombeen 20 1 2 2
4 Evgeny Grachev Dustin Penner Evgeny Artyukhin 10 1 2 2
5 vs 5 Defense
Defense Defense Time % Phy DF OF
1 Drew Fata Ian White 40 1 2 2
2 Brian Lee Johnny Oduya 30 1 2 2
3 Boris Valabik Niklas Hjalmarsson 20 1 2 2
4 Drew Fata Ian White 10 1 2 2
PowerPlay Forward
Center Left Wing Right Wing Time % Phy DF OF
1 John Tavares Guillaume Latendresse Michael Grabner 60 0 2 3
2 Antoine Vermette Jussi Jokinen B.J. Crombeen 40 0 2 3
PowerPlay Defense
Defense Defense Time % Phy DF OF
1 Drew Fata Ian White 60 0 2 3
2 Brian Lee Johnny Oduya 40 0 2 3
Penalty Kill 4 Players Forward
Center Wing Time % Phy DF OF
1 John Tavares Guillaume Latendresse 60 0 3 2
2 Jussi Jokinen Michael Grabner 40 0 3 2
Penalty Kill 4 Players Defense
Defense Defense Time % Phy DF OF
1 Drew Fata Ian White 60 0 3 2
2 Brian Lee Johnny Oduya 40 0 3 2
Penalty Kill - 3 Players Forward
Forward Time % Phy DF OF
1 John Tavares 60 0 3 2
2 Guillaume Latendresse 40 0 3 2
Penalty Kill - 3 Players Defense
Defense Defense Time % Phy DF OF
1 Drew Fata Ian White 60 0 3 2
2 Brian Lee Johnny Oduya 40 0 3 2
4 vs 4 Forward
Center Wing Time % Phy DF OF
1 John Tavares Guillaume Latendresse 60 1 2 2
2 Jussi Jokinen Michael Grabner 40 1 2 2
4 vs 4 Defense
Defense Defense Time % Phy DF OF
1 Drew Fata Ian White 60 1 2 2
2 Brian Lee Johnny Oduya 40 1 2 2
Last Minutes Offensive
Center Left Wing Right Wing Defense Defense
John Tavares Guillaume Latendresse Michael Grabner Drew Fata Ian White
Last Minutes Defensive
Center Left Wing Right Wing Defense Defense
John Tavares Guillaume Latendresse Michael Grabner Drew Fata Ian White
Goaltenders
Starting : Brian Elliott
Backup : Jhonas Enroth
Extra Forwards
Normal : Patrick Sharp, Alex Chiasson, Cory Emmerton - PP : Patrick Sharp, Alex Chiasson - PK : Cory Emmerton
Extra Defensemen
Normal : Boris Valabik, Niklas Hjalmarsson, Brian Lee - PP : Boris Valabik - PK : Niklas Hjalmarsson, Brian Lee
Penalty Shots
John Tavares, Guillaume Latendresse, Jussi Jokinen, Michael Grabner, Patrick Sharp
Scratches
None
% Time on Ice - Avalanche
Lines # - Real PCT - Wanted PCT - Time Play
Normal Forward
1 - 31% - 35% - 15:42
2 - 28% - 30% - 13:46
3 - 23% - 20% - 11:21
4 - 18% - 15% - 9:03
Normal Defense
1 - 41% - 40% - 20:26
2 - 35% - 35% - 17:41
3 - 24% - 25% - 11:45
4 - 0% - 0% - 0:00
PP Forward
1 - 68% - 60% - 5:25
2 - 32% - 40% - 2:31
PP Defense
1 - 65% - 60% - 5:09
2 - 35% - 40% - 2:47
PK Forward
1 - 74% - 60% - 1:38
2 - 26% - 40% - 0:34
PK Defense
1 - 74% - 60% - 1:38
2 - 26% - 40% - 0:34
PK3 Forward
1 - 0% - 60%
2 - 0% - 40%
PK3 Defense
1 - 0% - 60%
2 - 0% - 40%
44 Forward
1 - 0% - 60%
2 - 0% - 40%
44 Defense
1 - 0% - 60%
2 - 0% - 40%
Last Minute Offensive - 0:00
Last Minute Defensive - 0:00
Total
Forward - 60:00
Defense - 60:00
|
% Time on Ice - Stars
Lines # - Real PCT - Wanted PCT - Time Play
Normal Forward
1 - 31% - 40% - 15:21
2 - 31% - 30% - 15:31
3 - 21% - 20% - 10:34
4 - 17% - 10% - 8:26
Normal Defense
1 - 37% - 40% - 18:32
2 - 33% - 30% - 16:29
3 - 25% - 20% - 12:33
4 - 5% - 10% - 2:18
PP Forward
1 - 46% - 60% - 1:01
2 - 54% - 40% - 1:11
PP Defense
1 - 52% - 60% - 1:09
2 - 48% - 40% - 1:03
PK Forward
1 - 78% - 60% - 6:09
2 - 22% - 40% - 1:47
PK Defense
1 - 59% - 60% - 4:43
2 - 41% - 40% - 3:13
PK3 Forward
1 - 0% - 60%
2 - 0% - 40%
PK3 Defense
1 - 0% - 60%
2 - 0% - 40%
44 Forward
1 - 0% - 60%
2 - 0% - 40%
44 Defense
1 - 0% - 60%
2 - 0% - 40%
Last Minute Offensive - 0:00
Last Minute Defensive - 0:00
Total
Forward - 60:00
Defense - 60:00
|
Play-by-Play
1st period
0:01 of 1st period - Bryan Little wins face-off versus John Tavares in neutral zone.
0:32 of 1st period - Wrist shot by Damien Brunner.
0:32 of 1st period - Stopped by Brian Elliott without a rebound.
0:33 of 1st period - Maxim Talbot wins face-off versus Antoine Vermette in Stars zone.
0:42 of 1st period - Wrist shot by Maxim Talbot.
0:42 of 1st period - Stopped by Brian Elliott with a rebound.
0:44 of 1st period - Snap shot by Andrew Ladd.
0:44 of 1st period - Shot Misses the Net.
0:46 of 1st period - Slapshot by Marc Staal.
0:46 of 1st period - Shot Blocked by Antoine Vermette.
0:52 of 1st period - Snap shot by Maxim Talbot.
0:52 of 1st period - Shot Misses the Net.
1:08 of 1st period - Snap shot by Maxim Talbot.
1:08 of 1st period - Stopped by Brian Elliott without a rebound.
1:09 of 1st period - Paul Stastny wins face-off versus Cory Emmerton in Stars zone.
1:10 of 1st period - Wrist shot by Andrei Kostitsyn.
1:10 of 1st period - Shot Misses the Net.
1:12 of 1st period - Slapshot by Johnny Boychuk.
1:12 of 1st period - Stopped by Brian Elliott with a rebound.
1:18 of 1st period - Snap shot by Andrei Kostitsyn.
1:18 of 1st period - Stopped by Brian Elliott without a rebound.
1:19 of 1st period - Paul Stastny wins face-off versus Patrick Sharp in Stars zone.
1:28 of 1st period - Snap shot by Alexander Radulov.
1:28 of 1st period - Shot Blocked by Cory Emmerton.
1:30 of 1st period - Slapshot by Johnny Boychuk.
1:30 of 1st period - Deflect By Paul Stastny.
1:30 of 1st period - Stopped by Brian Elliott without a rebound.
1:31 of 1st period - Chuck Kobasew wins face-off versus Evgeny Grachev in Stars zone.
1:57 of 1st period - Erik Karlsson is hit by Guillaume Latendresse and loses puck.
2:08 of 1st period - Slapshot by John Tavares.
2:08 of 1st period - Stopped by Semyon Varlamov with a rebound.
3:30 of 1st period - Wrist shot by Mikkel Boedker.
3:30 of 1st period - Stopped by Brian Elliott without a rebound.
3:31 of 1st period - Antoine Vermette wins face-off versus Paul Stastny in Stars zone.
3:31 of 1st period - Antoine Vermette is hit by Andrei Kostitsyn.
3:41 of 1st period - Snap shot by Jussi Jokinen.
3:41 of 1st period - Shot Misses the Net.
3:57 of 1st period - Marc Staal is hit by Michael Grabner and loses puck.
4:08 of 1st period - Wrist shot by Mikkel Boedker.
4:08 of 1st period - Stopped by Brian Elliott without a rebound.
4:09 of 1st period - Paul Stastny wins face-off versus Cory Emmerton in Stars zone.
4:42 of 1st period - Snap shot by Guillaume Latendresse.
4:42 of 1st period - Shot Blocked by Jack Johnson.
5:49 of 1st period - Minor Penalty to Andrei Kostitsyn for Roughing.
5:50 of 1st period - Andrew Ladd wins face-off versus John Tavares in Avalanche zone.
6:22 of 1st period - Jussi Jokinen is hit by Maxim Talbot and loses puck.
7:04 of 1st period - Johnny Boychuk is hit by Antoine Vermette and loses puck.
7:25 of 1st period - Drew Fata is hit by Marc Staal and loses puck.
7:38 of 1st period - Jussi Jokinen is hit by Ville Leino and loses puck.
7:49 of 1st period - Penalty to Andrei Kostitsyn is over, Andrei Kostitsyn is back on ice.
7:51 of 1st period - Pernell Karl Subban is hit by B.J. Crombeen and loses puck.
8:06 of 1st period - Bryan Little is hit by Dustin Penner.
8:35 of 1st period - Snap shot by Evgeny Grachev.
8:35 of 1st period - Stopped by Semyon Varlamov with a rebound.
9:02 of 1st period - Slapshot by Brian Lee.
9:02 of 1st period - Shot Misses the Net.
9:34 of 1st period - Slapshot by Brian Lee.
9:34 of 1st period - Shot Blocked by Jack Johnson.
9:36 of 1st period - Slapshot by Brian Lee.
9:36 of 1st period - Stopped by Semyon Varlamov with a rebound.
9:38 of 1st period - Snap shot by Evgeny Artyukhin.
9:38 of 1st period - Stopped by Semyon Varlamov without a rebound.
9:39 of 1st period - Paul Stastny wins face-off versus John Tavares in Avalanche zone.
9:39 of 1st period - Paul Stastny is hit by John Tavares.
10:06 of 1st period - Jussi Jokinen is hit by Johnny Boychuk and loses puck.
10:21 of 1st period - Ian White is hit by Maxim Talbot and loses puck.
10:52 of 1st period - John Tavares is hit by Pernell Karl Subban and loses puck.
11:18 of 1st period - Antoine Vermette is hit by Mattias Ekholm.
11:46 of 1st period - Snap shot by Alexander Radulov.
11:46 of 1st period - Goal by Alexander Radulov - Avalanche : 1 - Stars : 0.
11:47 of 1st period - Bryan Little wins face-off versus John Tavares in neutral zone.
11:50 of 1st period - Niklas Hjalmarsson is hit by Marc Staal and loses puck.
12:36 of 1st period - Wrist shot by Maxim Talbot.
12:36 of 1st period - Deflect By Andrew Ladd.
12:36 of 1st period - Stopped by Brian Elliott without a rebound.
12:37 of 1st period - Maxim Talbot wins face-off versus Cory Emmerton in Stars zone.
12:44 of 1st period - Snap shot by Andrew Ladd.
12:44 of 1st period - Shot Misses the Net.
12:46 of 1st period - Snap shot by Andrew Ladd.
12:46 of 1st period - Shot Blocked by Brian Lee.
12:48 of 1st period - Slapshot by Jack Johnson.
12:48 of 1st period - Stopped by Brian Elliott with a rebound.
12:50 of 1st period - Snap shot by Maxim Talbot.
12:50 of 1st period - Shot Misses the Net.
12:52 of 1st period - Snap shot by Damien Brunner.
12:52 of 1st period - Avalanche goal is going for a video replay.
12:52 of 1st period - The goal is good.
12:52 of 1st period - Goal by Damien Brunner - Avalanche : 2 - Stars : 0.
12:53 of 1st period - Bryan Little wins face-off versus John Tavares in neutral zone.
12:59 of 1st period - Minor Penalty to Michael Grabner for Tripping.
13:00 of 1st period - John Tavares wins face-off versus Bryan Little in Stars zone.
14:45 of 1st period - Jussi Jokinen is hit by Bryan Little and loses puck.
14:59 of 1st period - Penalty to Michael Grabner is over, Michael Grabner is back on ice.
15:02 of 1st period - Slapshot by Patric Hornqvist.
15:02 of 1st period - Shot Blocked by Michael Grabner.
15:14 of 1st period - Slapshot by Dustin Penner.
15:14 of 1st period - Shot Misses the Net.
16:37 of 1st period - Snap shot by Alex Chiasson.
16:37 of 1st period - Shot Misses the Net.
16:39 of 1st period - Slapshot by Boris Valabik.
16:39 of 1st period - Shot Misses the Net.
17:44 of 1st period - Mikkel Boedker is hit by Jussi Jokinen and loses puck.
19:00 of 1st period - John Tavares is hit by Maxim Talbot and loses puck.
19:21 of 1st period - Marc Staal is hit by Dustin Penner and loses puck.
19:28 of 1st period - Dustin Penner is hit by Andrew Ladd and loses puck.
19:34 of 1st period - Icing by Dustin Penner.
19:35 of 1st period - Bryan Little wins face-off versus Evgeny Artyukhin in Stars zone.
Goals for this period are 2 for Avalanche vs 0 for Stars.
Shots for this period are 12 for Avalanche vs 4 for Stars.
2nd period
0:01 of 2nd period - Bryan Little wins face-off versus John Tavares in neutral zone.
0:12 of 2nd period - Wrist shot by Mikkel Boedker.
0:12 of 2nd period - Stopped by Brian Elliott with a rebound.
1:08 of 2nd period - Slapshot by Brian Lee.
1:08 of 2nd period - Stopped by Semyon Varlamov without a rebound.
1:09 of 2nd period - Andrew Ladd wins face-off versus John Tavares in Avalanche zone.
1:21 of 2nd period - Snap shot by Guillaume Latendresse.
1:21 of 2nd period - Stopped by Semyon Varlamov with a rebound.
2:21 of 2nd period - Kyle Turris is hit by Evgeny Grachev and loses puck.
2:29 of 2nd period - Off-side.
2:30 of 2nd period - Patric Hornqvist wins face-off versus John Tavares in neutral zone.
2:33 of 2nd period - Snap shot by Bryan Little.
2:33 of 2nd period - Shot Misses the Net.
2:35 of 2nd period - Snap shot by Marc Staal.
2:35 of 2nd period - Shot Misses the Net.
2:37 of 2nd period - Backhand shot by Pernell Karl Subban.
2:37 of 2nd period - Shot Blocked by Johnny Oduya.
2:39 of 2nd period - Slapshot by Marc Staal.
2:39 of 2nd period - Goal by Marc Staal - Avalanche : 3 - Stars : 0.
2:40 of 2nd period - Bryan Little wins face-off versus John Tavares in neutral zone.
2:48 of 2nd period - Marc Staal is hit by Guillaume Latendresse and loses puck.
3:14 of 2nd period - Snap shot by Alexander Radulov.
3:14 of 2nd period - Shot Misses the Net.
3:16 of 2nd period - Slapshot by Pernell Karl Subban.
3:16 of 2nd period - Stopped by Brian Elliott with a rebound.
4:08 of 2nd period - Minor Penalty to Boris Valabik for Cross-checking.
4:09 of 2nd period - Bryan Little wins face-off versus John Tavares in Stars zone.
4:41 of 2nd period - Icing by Andrei Kostitsyn.
4:42 of 2nd period - John Tavares wins face-off versus Paul Stastny in Avalanche zone.
6:08 of 2nd period - Penalty to Boris Valabik is over, Boris Valabik is back on ice.
6:19 of 2nd period - Backhand shot by Jussi Jokinen.
6:19 of 2nd period - Shot Misses the Net.
6:30 of 2nd period - Icing by Marc Staal.
6:31 of 2nd period - Kyle Turris wins face-off versus Cory Emmerton in Avalanche zone.
6:44 of 2nd period - Slapshot by Ville Leino.
6:44 of 2nd period - Stopped by Brian Elliott with a rebound.
6:46 of 2nd period - Slapshot by Pernell Karl Subban.
6:46 of 2nd period - Shot Misses the Net.
7:23 of 2nd period - Snap shot by Andrew Ladd.
7:23 of 2nd period - Shot Misses the Net.
7:25 of 2nd period - Snap shot by Damien Brunner.
7:25 of 2nd period - Stopped by Brian Elliott with a rebound.
7:27 of 2nd period - Slapshot by Jack Johnson.
7:27 of 2nd period - Shot Blocked by Ian White.
7:29 of 2nd period - Snap shot by Maxim Talbot.
7:29 of 2nd period - Shot Blocked by Drew Fata.
7:41 of 2nd period - Slapshot by Evgeny Grachev.
7:41 of 2nd period - Shot Misses the Net.
7:49 of 2nd period - Wrist shot by Dustin Penner.
7:49 of 2nd period - Deflect By Evgeny Grachev.
7:49 of 2nd period - Shot Blocked by Patric Hornqvist.
7:49 of 2nd period - Puck is out of play.
7:50 of 2nd period - Jussi Jokinen wins face-off versus Paul Stastny in Avalanche zone.
7:51 of 2nd period - Wrist shot by Alex Chiasson.
7:51 of 2nd period - Stopped by Semyon Varlamov with a rebound.
8:02 of 2nd period - Icing by Alex Chiasson.
8:03 of 2nd period - Antoine Vermette wins face-off versus Bryan Little in Stars zone.
9:13 of 2nd period - Slapshot by Marc Staal.
9:13 of 2nd period - Deflect By Drew Fata.
9:13 of 2nd period - Goal by Marc Staal - Avalanche : 4 - Stars : 0.
9:13 of 2nd period - Jhonas Enroth enters game.
9:14 of 2nd period - Bryan Little wins face-off versus John Tavares in neutral zone.
9:31 of 2nd period - Slapshot by John Tavares.
9:31 of 2nd period - Shot Hit the Post.
9:47 of 2nd period - Snap shot by Alexander Radulov.
9:47 of 2nd period - Shot Misses the Net.
9:49 of 2nd period - Slapshot by Andrei Kostitsyn.
9:49 of 2nd period - Shot Blocked by Drew Fata.
10:07 of 2nd period - Kyle Turris is hit by Cory Emmerton and loses puck.
10:20 of 2nd period - Drew Fata is hit by Damien Brunner and loses puck.
11:11 of 2nd period - Marc Staal is hit by Jussi Jokinen.
11:48 of 2nd period - Slapshot by Jack Johnson.
11:48 of 2nd period - Stopped by Jhonas Enroth with a rebound.
12:18 of 2nd period - Wrist shot by Evgeny Grachev.
12:18 of 2nd period - Shot Misses the Net.
12:56 of 2nd period - Wrist shot by Damien Brunner.
12:56 of 2nd period - Stopped by Jhonas Enroth without a rebound.
12:57 of 2nd period - Damien Brunner wins face-off versus Jussi Jokinen in Stars zone.
13:00 of 2nd period - Snap shot by Maxim Talbot.
13:00 of 2nd period - Shot Misses the Net.
13:02 of 2nd period - Snap shot by Maxim Talbot.
13:02 of 2nd period - Shot Blocked by Jussi Jokinen.
13:04 of 2nd period - Snap shot by Maxim Talbot.
13:04 of 2nd period - Stopped by Jhonas Enroth with a rebound.
13:06 of 2nd period - Snap shot by Andrew Ladd.
13:06 of 2nd period - Shot Misses the Net.
13:12 of 2nd period - Slapshot by Maxim Talbot.
13:12 of 2nd period - Stopped by Jhonas Enroth without a rebound.
13:13 of 2nd period - Bryan Little wins face-off versus John Tavares in Stars zone.
13:26 of 2nd period - Wrist shot by Mikkel Boedker.
13:26 of 2nd period - Stopped by Jhonas Enroth with a rebound.
13:28 of 2nd period - Slapshot by Jack Johnson.
13:28 of 2nd period - Stopped by Jhonas Enroth with a rebound.
13:30 of 2nd period - Snap shot by Patric Hornqvist.
13:30 of 2nd period - Stopped by Jhonas Enroth with a rebound.
14:06 of 2nd period - Snap shot by Damien Brunner.
14:06 of 2nd period - Stopped by Jhonas Enroth with a rebound.
14:23 of 2nd period - Backhand shot by Dustin Penner.
14:23 of 2nd period - Stopped by Semyon Varlamov without a rebound.
14:24 of 2nd period - Evgeny Grachev wins face-off versus Kyle Turris in Avalanche zone.
14:25 of 2nd period - Snap shot by Evgeny Artyukhin.
14:25 of 2nd period - Shot Blocked by Kyle Turris.
14:49 of 2nd period - Patric Hornqvist is hit by John Tavares and loses puck.
14:56 of 2nd period - Snap shot by John Tavares.
14:56 of 2nd period - Shot Misses the Net.
14:58 of 2nd period - Wrist shot by John Tavares.
14:58 of 2nd period - Stopped by Semyon Varlamov with a rebound.
15:00 of 2nd period - Slapshot by John Tavares.
15:00 of 2nd period - Shot Blocked by Pernell Karl Subban.
15:18 of 2nd period - Antoine Vermette is hit by Alexander Radulov and loses puck.
15:43 of 2nd period - Alexander Radulov is hit by Antoine Vermette and loses puck.
15:58 of 2nd period - Boris Valabik is hit by Alexander Radulov and loses puck.
16:52 of 2nd period - Minor Penalty to Jussi Jokinen for Holding.
16:53 of 2nd period - Bryan Little wins face-off versus John Tavares in Stars zone.
18:43 of 2nd period - Icing by Kyle Turris.
18:44 of 2nd period - Kyle Turris wins face-off versus John Tavares in Avalanche zone.
18:52 of 2nd period - Penalty to Jussi Jokinen is over, Jussi Jokinen is back on ice.
18:53 of 2nd period - Ian White is hit by Johnny Boychuk and loses puck.
19:14 of 2nd period - Drew Fata is hit by Damien Brunner and loses puck.
Goals for this period are 2 for Avalanche vs 0 for Stars.
Shots for this period are 14 for Avalanche vs 5 for Stars.
3rd period
0:01 of 3rd period - John Tavares wins face-off versus Bryan Little in neutral zone.
0:10 of 3rd period - Wrist shot by John Tavares.
0:10 of 3rd period - Shot Misses the Net.
0:12 of 3rd period - Snap shot by Michael Grabner.
0:12 of 3rd period - Stopped by Semyon Varlamov with a rebound.
0:26 of 3rd period - Snap shot by B.J. Crombeen.
0:26 of 3rd period - Shot Misses the Net.
0:28 of 3rd period - Slapshot by Patrick Sharp.
0:28 of 3rd period - Stopped by Semyon Varlamov with a rebound.
0:30 of 3rd period - Snap shot by B.J. Crombeen.
0:30 of 3rd period - Goal by B.J. Crombeen - Avalanche : 4 - Stars : 1.
0:31 of 3rd period - Guillaume Latendresse wins face-off versus Bryan Little in neutral zone.
0:34 of 3rd period - Erik Karlsson is hit by Michael Grabner and loses puck.
0:45 of 3rd period - Wrist shot by Guillaume Latendresse.
0:45 of 3rd period - Stopped by Semyon Varlamov without a rebound.
0:46 of 3rd period - Paul Stastny wins face-off versus John Tavares in Avalanche zone.
1:36 of 3rd period - Snap shot by Damien Brunner.
1:36 of 3rd period - Shot Blocked by B.J. Crombeen.
1:44 of 3rd period - Slapshot by Brian Lee.
1:44 of 3rd period - Stopped by Semyon Varlamov without a rebound.
1:45 of 3rd period - John Tavares wins face-off versus Paul Stastny in Avalanche zone.
1:48 of 3rd period - Snap shot by John Tavares.
1:48 of 3rd period - Shot Misses the Net.
1:50 of 3rd period - Wrist shot by Michael Grabner.
1:50 of 3rd period - Deflect By Guillaume Latendresse.
1:50 of 3rd period - Stopped by Semyon Varlamov with a rebound.
1:52 of 3rd period - Wrist shot by Guillaume Latendresse.
1:52 of 3rd period - Deflect By John Tavares.
1:52 of 3rd period - Shot Misses the Net.
1:52 of 3rd period - Puck is out of play.
1:53 of 3rd period - Michael Grabner wins face-off versus Paul Stastny in Avalanche zone.
2:00 of 3rd period - Slapshot by Jack Johnson.
2:00 of 3rd period - Deflect By Guillaume Latendresse.
2:00 of 3rd period - Stopped by Jhonas Enroth without a rebound.
2:01 of 3rd period - Patric Hornqvist wins face-off versus John Tavares in Stars zone.
2:07 of 3rd period - Icing by Drew Fata.
2:08 of 3rd period - Bryan Little wins face-off versus John Tavares in Stars zone.
2:23 of 3rd period - Slapshot by Drew Fata.
2:23 of 3rd period - Stopped by Semyon Varlamov with a rebound.
2:29 of 3rd period - Snap shot by Guillaume Latendresse.
2:29 of 3rd period - Stopped by Semyon Varlamov without a rebound.
2:30 of 3rd period - Jussi Jokinen wins face-off versus Paul Stastny in Avalanche zone.
2:35 of 3rd period - Slapshot by Alex Chiasson.
2:35 of 3rd period - Stopped by Semyon Varlamov with a rebound.
3:20 of 3rd period - Backhand shot by Evgeny Artyukhin.
3:20 of 3rd period - Stopped by Semyon Varlamov without a rebound.
3:21 of 3rd period - Evgeny Grachev wins face-off versus Paul Stastny in Avalanche zone.
3:34 of 3rd period - Andrei Kostitsyn is hit by Dustin Penner and loses puck.
3:51 of 3rd period - Wrist shot by Evgeny Artyukhin.
3:51 of 3rd period - Stopped by Semyon Varlamov without a rebound.
3:52 of 3rd period - Bryan Little wins face-off versus John Tavares in Avalanche zone.
3:59 of 3rd period - Snap shot by John Tavares.
3:59 of 3rd period - Shot Misses the Net.
4:13 of 3rd period - Boris Valabik is hit by Bryan Little and loses puck.
4:25 of 3rd period - Off-side.
4:26 of 3rd period - Antoine Vermette wins face-off versus Kyle Turris in neutral zone.
4:56 of 3rd period - Johnny Oduya is hit by Chuck Kobasew.
5:22 of 3rd period - Wrist shot by Chuck Kobasew.
5:22 of 3rd period - Stopped by Jhonas Enroth with a rebound.
5:28 of 3rd period - Wrist shot by Kyle Turris.
5:28 of 3rd period - Stopped by Jhonas Enroth without a rebound.
5:29 of 3rd period - Bryan Little wins face-off versus John Tavares in Stars zone.
5:30 of 3rd period - Snap shot by Mikkel Boedker.
5:30 of 3rd period - Stopped by Jhonas Enroth with a rebound.
5:32 of 3rd period - Wrist shot by Bryan Little.
5:32 of 3rd period - Shot Misses the Net.
5:34 of 3rd period - Snap shot by Mikkel Boedker.
5:34 of 3rd period - Stopped by Jhonas Enroth with a rebound.
5:44 of 3rd period - Snap shot by Mikkel Boedker.
5:44 of 3rd period - Stopped by Jhonas Enroth with a rebound.
5:46 of 3rd period - Slapshot by Jack Johnson.
5:46 of 3rd period - Stopped by Jhonas Enroth with a rebound.
6:21 of 3rd period - Minor Penalty to Paul Stastny for Holding.
6:22 of 3rd period - Antoine Vermette wins face-off versus Andrew Ladd in Avalanche zone.
6:32 of 3rd period - Snap shot by Jussi Jokinen.
6:32 of 3rd period - Stopped by Semyon Varlamov without a rebound.
6:33 of 3rd period - John Tavares wins face-off versus Andrew Ladd in Avalanche zone.
6:34 of 3rd period - Slapshot by Guillaume Latendresse.
6:34 of 3rd period - Goal by Guillaume Latendresse - Avalanche : 4 - Stars : 2.
6:35 of 3rd period - John Tavares wins face-off versus Bryan Little in neutral zone.
7:03 of 3rd period - Wrist shot by B.J. Crombeen.
7:03 of 3rd period - Shot Misses the Net.
7:05 of 3rd period - Wrist shot by B.J. Crombeen.
7:05 of 3rd period - Deflect By Cory Emmerton.
7:05 of 3rd period - Stopped by Semyon Varlamov without a rebound.
7:06 of 3rd period - Paul Stastny wins face-off versus Guillaume Latendresse in Avalanche zone.
7:21 of 3rd period - Slapshot by Brian Lee.
7:21 of 3rd period - Deflect By John Tavares.
7:21 of 3rd period - Stopped by Semyon Varlamov without a rebound.
7:22 of 3rd period - Antoine Vermette wins face-off versus Bryan Little in Avalanche zone.
7:25 of 3rd period - Snap shot by Antoine Vermette.
7:25 of 3rd period - Shot Misses the Net.
8:49 of 3rd period - Wrist shot by Mikkel Boedker.
8:49 of 3rd period - Stopped by Jhonas Enroth without a rebound.
8:50 of 3rd period - Paul Stastny wins face-off versus John Tavares in Stars zone.
9:03 of 3rd period - Wrist shot by Andrei Kostitsyn.
9:03 of 3rd period - Goal by Andrei Kostitsyn - Avalanche : 5 - Stars : 2.
9:04 of 3rd period - Paul Stastny wins face-off versus John Tavares in neutral zone.
9:27 of 3rd period - Minor Penalty to Brian Lee for Hooking.
9:28 of 3rd period - Bryan Little wins face-off versus John Tavares in Stars zone.
10:01 of 3rd period - Michael Grabner is hit by Paul Stastny and loses puck.
11:27 of 3rd period - Penalty to Brian Lee is over, Brian Lee is back on ice.
11:37 of 3rd period - Snap shot by Evgeny Grachev.
11:37 of 3rd period - Stopped by Semyon Varlamov without a rebound.
11:38 of 3rd period - Evgeny Grachev wins face-off versus Maxim Talbot in Avalanche zone.
11:43 of 3rd period - Snap shot by Dustin Penner.
11:43 of 3rd period - Stopped by Semyon Varlamov without a rebound.
11:44 of 3rd period - Antoine Vermette wins face-off versus Maxim Talbot in Avalanche zone.
12:15 of 3rd period - Snap shot by Chuck Kobasew.
12:15 of 3rd period - Stopped by Jhonas Enroth without a rebound.
12:16 of 3rd period - Kyle Turris wins face-off versus John Tavares in Stars zone.
12:54 of 3rd period - Snap shot by Antoine Vermette.
12:54 of 3rd period - Stopped by Semyon Varlamov with a rebound.
13:34 of 3rd period - Snap shot by Damien Brunner.
13:34 of 3rd period - Shot Misses the Net.
13:38 of 3rd period - Slapshot by Andrew Ladd.
13:38 of 3rd period - Shot Misses the Net.
13:58 of 3rd period - Snap shot by Kyle Turris.
13:58 of 3rd period - Shot Misses the Net.
14:16 of 3rd period - Niklas Hjalmarsson is hit by Bryan Little and loses puck.
14:33 of 3rd period - Wrist shot by Evgeny Grachev.
14:33 of 3rd period - Goal by Evgeny Grachev - Avalanche : 5 - Stars : 3.
14:34 of 3rd period - Bryan Little wins face-off versus John Tavares in neutral zone.
15:01 of 3rd period - Erik Karlsson is hit by Antoine Vermette and loses puck.
15:48 of 3rd period - Wrist shot by Evgeny Grachev.
15:48 of 3rd period - Shot Hit the Post.
15:50 of 3rd period - Slapshot by Niklas Hjalmarsson.
15:50 of 3rd period - Stopped by Semyon Varlamov with a rebound.
15:52 of 3rd period - Slapshot by Niklas Hjalmarsson.
15:52 of 3rd period - Stopped by Semyon Varlamov without a rebound.
15:53 of 3rd period - Evgeny Grachev wins face-off versus Kyle Turris in Avalanche zone.
15:56 of 3rd period - Wrist shot by Evgeny Artyukhin.
15:56 of 3rd period - Deflect By Marc Staal.
15:56 of 3rd period - Shot Misses the Net.
15:56 of 3rd period - Puck is out of play.
15:57 of 3rd period - Cory Emmerton wins face-off versus Maxim Talbot in Avalanche zone.
16:10 of 3rd period - Snap shot by Ian White.
16:10 of 3rd period - Deflect By Cory Emmerton.
16:10 of 3rd period - Goal by Cory Emmerton - Avalanche : 5 - Stars : 4.
16:11 of 3rd period - Maxim Talbot wins face-off versus Cory Emmerton in neutral zone.
16:20 of 3rd period - Wrist shot by Damien Brunner.
16:20 of 3rd period - Shot Blocked by Ian White.
16:22 of 3rd period - Slapshot by Pernell Karl Subban.
16:22 of 3rd period - Deflect By Damien Brunner.
16:22 of 3rd period - Stopped by Jhonas Enroth without a rebound.
16:23 of 3rd period - Maxim Talbot wins face-off versus Cory Emmerton in Stars zone.
16:50 of 3rd period - Slapshot by Ville Leino.
16:50 of 3rd period - Shot Misses the Net.
16:52 of 3rd period - Slapshot by Jack Johnson.
16:52 of 3rd period - Stopped by Jhonas Enroth with a rebound.
16:54 of 3rd period - Snap shot by Kyle Turris.
16:54 of 3rd period - Goal by Kyle Turris - Avalanche : 6 - Stars : 4.
16:55 of 3rd period - Damien Brunner wins face-off versus Cory Emmerton in neutral zone.
17:08 of 3rd period - Snap shot by B.J. Crombeen.
17:08 of 3rd period - Deflect By Patrick Sharp.
17:08 of 3rd period - Shot Misses the Net.
17:08 of 3rd period - Puck is out of play.
17:09 of 3rd period - John Tavares wins face-off versus Kyle Turris in Avalanche zone.
17:18 of 3rd period - Snap shot by Guillaume Latendresse.
17:18 of 3rd period - Stopped by Semyon Varlamov with a rebound.
18:01 of 3rd period - Snap shot by Mikkel Boedker.
18:01 of 3rd period - Stopped by Jhonas Enroth with a rebound.
19:19 of 3rd period - Snap shot by Maxim Talbot.
19:19 of 3rd period - Stopped by Jhonas Enroth without a rebound.
19:20 of 3rd period - Maxim Talbot wins face-off versus Patrick Sharp in Stars zone.
Goals for this period are 2 for Avalanche vs 4 for Stars.
Shots for this period are 15 for Avalanche vs 23 for Stars.
Back to the Top